KBO
HANWHA EAGLES @ SAMSUNG LIONS
05/06/2044
 
TOP OF THE 1ST
SSG Landers batting - Pitching for LG Twins : RHP Sang-hyuk Sung
Pitching: RHP Sang-hyuk Sung
Batting: RHB Yong-hyun Su 0-0: SINGLE (Groundball, 23, EV 62.5 MPH) (infield hit)
Batting: RHB Byung-hyun Baik 0-0: Fly out, F8 (Flyball, 8RD, EV 98.1 MPH)
Batting: RHB Jung Houng 0-0: Ball
1-0: Called Strike
1-1: Fly out, F4 (Popup, 34, EV 79.4 MPH)
Batting: RHB Ji-hu Bhang 0-0: Called Strike
0-1: Called Strike
0-2: Ball
1-2: Strikes out looking
Top of the 1st over - 0 runs, 1 hit, 0 errors, 1 left on base; SSG 0 - LG 0
BOTTOM OF THE 1ST
LG Twins batting - Pitching for SSG Landers : LHP Ha-joon Jahng
Pitching: LHP Ha-joon Jahng
Batting: RHB Hyo-jin Pak 0-0: Foul Ball, location: 2F
0-1: Ball
1-1: Ball
2-1: SINGLE (Line Drive, 7S, EV 95.0 MPH)
Batting: LHB Seung-kab Sur 0-0: Ball
1-0: Fielders Choice at 2nd, 3-6 (Groundball, 3, EV 78.1 MPH)
Batting: RHB Sung-oo Byon 0-0: Swinging Strike
0-1: Ball
1-1: Foul Ball, location: 2F
1-2: Strikes out swinging
Batting: SHB Pyeong-min Kym 0-0: Ball
1-0: SINGLE (Groundball, 56D, EV 108.1 MPH)
Seung-kab Sur to second
Batting: RHB Chun-hak Suh 0-0: Ball
1-0: Ball
2-0: Ball
3-0: Called Strike
3-1: DOUBLE (Flyball, 89D, EV 99.4 MPH)
Seung-kab Sur scores
Pyeong-min Kym to third
Runner from 3rd tries for Home, SAFE, throw by RF to trailing runner, SAFE at third!
Batting: LHB Hi-gor Whang 0-0: Ground out U3 (Groundball, 3, EV 82.5 MPH)
Bottom of the 1st over - 2 runs, 3 hits, 0 errors, 1 left on base; SSG 0 - LG 2
TOP OF THE 2ND
SSG Landers batting - Pitching for LG Twins : RHP Sang-hyuk Sung
Batting: SHB Young-sik Sunwoo 0-0: Called Strike
0-1: Swinging Strike
0-2: Ball
1-2: Ball
2-2: Ball
3-2: Strikes out looking
Batting: LHB Kang-il Houng 0-0: Ball
1-0: Ground out 4-3 (Groundball, 34D, EV 105.6 MPH)
Batting: RHB Cho-yeong Kym 0-0: Called Strike
0-1: Swinging Strike
0-2: Ball
1-2: Strikes out swinging
Top of the 2nd over - 0 runs, 0 hits, 0 errors, 0 left on base; SSG 0 - LG 2
BOTTOM OF THE 2ND
LG Twins batting - Pitching for SSG Landers : LHP Ha-joon Jahng
Batting: SHB Soo-geun Pak 0-0: Ball
1-0: Called Strike
1-1: Ball
2-1: Ball
3-1: Foul Ball, location: 2F
3-2: Strikes out swinging
Batting: RHB Ha-joon Khang 0-0: Foul Ball, location: 2F
0-1: Ball
1-1: Ball
2-1: Foul Ball, location: 2F
2-2: Ball
3-2: SINGLE (Groundball, 4MS, EV 67.5 MPH) (infield hit)
Batting: RHB Jun-seo Kym 0-0: Foul Ball, location: 2F
0-1: Ball
1-1: Ball
2-1: Foul Ball, location: 2F
2-2: Foul Ball, location: 2F
2-2: Foul Ball, location: 2F
2-2: Strikes out looking
Batting: RHB Hyo-jin Pak 0-0: Ball
1-0: Fly out, F9 (Flyball, 9D, EV 92.5 MPH)
Bottom of the 2nd over - 0 runs, 1 hit, 0 errors, 1 left on base; SSG 0 - LG 2
TOP OF THE 3RD
SSG Landers batting - Pitching for LG Twins : RHP Sang-hyuk Sung
Batting: SHB Dong-hee Yoo 0-0: Called Strike
0-1: Swinging Strike
0-2: Ball
1-2: Ball
2-2: Strikes out swinging
Batting: RHB Yong-kook Kwang 0-0: Called Strike
0-1: Foul Ball, location: 2F
0-2: Ball
1-2: Strikes out looking
Batting: RHB Yong-hyun Su 0-0: Called Strike
0-1: Swinging Strike
0-2: Ground out 6-3 (Groundball, 6, EV 100.6 MPH)
Top of the 3rd over - 0 runs, 0 hits, 0 errors, 0 left on base; SSG 0 - LG 2
BOTTOM OF THE 3RD
LG Twins batting - Pitching for SSG Landers : LHP Ha-joon Jahng
Batting: LHB Seung-kab Sur 0-0: Ball
1-0: Ball
2-0: Ball
3-0: Called Strike
3-1: Called Strike
3-2: SINGLE (Line Drive, 56D, EV 102.5 MPH)
Batting: RHB Sung-oo Byon 0-0: Called Strike
0-1: Swinging Strike
0-2: Ball
1-2: Fly out, F8 (Flyball, 89D, EV 106.9 MPH)
Batting: SHB Pyeong-min Kym 0-0: Fielders Choice at 2nd, 2-6 (Groundball, 13S, EV 76.9 MPH)
Batting: RHB Chun-hak Suh 0-0: Called Strike
0-1: Ball
1-1: Called Strike
1-2: Fly out, F2 (Popup, 25F, EV 83.1 MPH)
Bottom of the 3rd over - 0 runs, 1 hit, 0 errors, 1 left on base; SSG 0 - LG 2
TOP OF THE 4TH
SSG Landers batting - Pitching for LG Twins : RHP Sang-hyuk Sung
Batting: RHB Byung-hyun Baik 0-0: DOUBLE (Line Drive, 89M, EV 95.0 MPH)
Batting: RHB Jung Houng 0-0: Ball
1-0: Foul Ball, location: 2F
1-1: Called Strike
1-2: Foul Ball, location: 2F
1-2: Ball
2-2: Foul Ball, location: 2F
2-2: Ball
3-2: SINGLE (Line Drive, 9LS, EV 103.1 MPH)
Byung-hyun Baik to third
Batting: RHB Ji-hu Bhang 0-0: Ball
1-0: Foul Ball, location: 2F
1-1: Called Strike
1-2: Ball
2-2: Fly out, F7 (Flyball, 7, EV 77.5 MPH)
Runner from 3rd tags up, SCORES, no throw by LF
Batting: SHB Young-sik Sunwoo 0-0: Ball
1-0: Foul Ball, location: 2F
1-1: Foul Ball, location: 2F
1-2: Ball
2-2: Fly out, F8 (Flyball, 8LD, EV 94.4 MPH)
Batting: LHB Kang-il Houng 0-0: Foul Ball, location: 2F
0-1: Called Strike
0-2: Foul Ball, location: 2F
0-2: Ball
1-2: Strikes out looking
Top of the 4th over - 1 run, 2 hits, 0 errors, 1 left on base; SSG 1 - LG 2
BOTTOM OF THE 4TH
LG Twins batting - Pitching for SSG Landers : LHP Ha-joon Jahng
Batting: LHB Hi-gor Whang 0-0: Ball
1-0: Foul Ball, location: 2F
1-1: Foul Ball, location: 2F
1-2: Strikes out swinging
Batting: SHB Soo-geun Pak 0-0: Ground out 5-3 (Groundball, 56S, EV 73.1 MPH)
Batting: RHB Ha-joon Khang 0-0: Ball
1-0: Foul Ball, location: 2F
1-1: SINGLE (Line Drive, 8LS, EV 85.6 MPH)
Batting: RHB Jun-seo Kym 0-0: Foul Ball, location: 2F
0-1: Ball
1-1: Ball
2-1: Fly out, F7 (Flyball, 7S, EV 86.2 MPH)
Bottom of the 4th over - 0 runs, 1 hit, 0 errors, 1 left on base; SSG 1 - LG 2
TOP OF THE 5TH
SSG Landers batting - Pitching for LG Twins : RHP Sang-hyuk Sung
Batting: RHB Cho-yeong Kym 0-0: Called Strike
0-1: Ground out U3 (Groundball, 34S, EV 84.4 MPH)
Batting: SHB Dong-hee Yoo 0-0: Ball
1-0: Ball
2-0: Called Strike
2-1: Ball
3-1: Foul Ball, location: 2F
3-2: Fly out, F6 (Flyball, 6MD, EV 91.9 MPH)
Batting: RHB Yong-kook Kwang 0-0: Ball
1-0: Called Strike
1-1: Ball
2-1: Called Strike
2-2: Fly out, F7 (Flyball, 78M, EV 92.5 MPH)
Top of the 5th over - 0 runs, 0 hits, 0 errors, 0 left on base; SSG 1 - LG 2
BOTTOM OF THE 5TH
LG Twins batting - Pitching for SSG Landers : LHP Ha-joon Jahng
Batting: RHB Hyo-jin Pak 0-0: Ball
1-0: Called Strike
1-1: Foul Ball, location: 2F
1-2: SINGLE (Groundball, 56D, EV 103.1 MPH) (infield hit)
Batting: LHB Seung-kab Sur 0-0: Ball
1-0: Ball
Hyo-jin Pak steals 2nd base (no throw)
2-0: Ball
3-0: Base on Balls
Batting: RHB Sung-oo Byon 0-0: Ball
1-0: Ball
2-0: Grounds into double play, 6-4-3 (Groundball, 6S, EV 85.6 MPH)
Hyo-jin Pak to third
Batting: SHB Pyeong-min Kym 0-0: Ground out 5-3 (Groundball, 56S, EV 81.2 MPH)
Bottom of the 5th over - 0 runs, 1 hit, 0 errors, 1 left on base; SSG 1 - LG 2
TOP OF THE 6TH
SSG Landers batting - Pitching for LG Twins : RHP Sang-hyuk Sung
Batting: RHB Yong-hyun Su 0-0: Ball
1-0: Ball
2-0: Bunt for hit to 2R - play at first, batter safe!
Batting: RHB Byung-hyun Baik 0-0: Fielders Choice at 2nd, 3-6 (Groundball, 34S, EV 86.9 MPH)
Batting: RHB Jung Houng 0-0: Ball
1-0: Ball
2-0: Called Strike
2-1: Ball
3-1: Base on Balls
Byung-hyun Baik to second
Batting: RHB Ji-hu Bhang 0-0: Ball
1-0: Called Strike
1-1: Ball
2-1: Swinging Strike
2-2: Fly out, F9 (Flyball, 89S, EV 85.0 MPH)
Batting: SHB Young-sik Sunwoo 0-0: Hit by Pitch
Byung-hyun Baik to third
Jung Houng to second
Batting: LHB Kang-il Houng 0-0: Swinging Strike
0-1: Ground out U3 (Groundball, 34, EV 100.6 MPH)
Top of the 6th over - 0 runs, 1 hit, 0 errors, 3 left on base; SSG 1 - LG 2
BOTTOM OF THE 6TH
LG Twins batting - Pitching for SSG Landers : LHP Ha-joon Jahng
Batting: RHB Chun-hak Suh 0-0: Swinging Strike
0-1: Ball
1-1: Ball
2-1: Foul Ball, location: 2F
2-2: Fly out, F8 (Flyball, 8RD, EV 108.8 MPH)
Batting: LHB Hi-gor Whang 0-0: Ball
1-0: Foul Ball, location: 2F
1-1: Foul Ball, location: 2F
1-2: Ball
2-2: Foul Ball, location: 2F
2-2: Fly out, F7 (Line Drive, 78S, EV 94.4 MPH)
Batting: SHB Soo-geun Pak 0-0: Ground out 6-3 (Groundball, 6, EV 88.8 MPH)
Bottom of the 6th over - 0 runs, 0 hits, 0 errors, 0 left on base; SSG 1 - LG 2
TOP OF THE 7TH
SSG Landers batting - Pitching for LG Twins : RHP Sang-hyuk Sung
Batting: RHB Cho-yeong Kym 0-0: Ball
1-0: Foul Ball, location: 2F
1-1: Foul Ball, location: 2F
1-2: Ball
2-2: Ball
3-2: Strikes out swinging
Batting: SHB Dong-hee Yoo 0-0: Called Strike
0-1: Swinging Strike
0-2: Foul Ball, location: 2F
0-2: Ball
1-2: Strikes out swinging
Pinch Hitting: LHB Min-hyuk Che 0-0: Called Strike
0-1: Swinging Strike
0-2: Foul Ball, location: 2F
0-2: Ball
1-2: Ball
2-2: Strikes out swinging
Top of the 7th over - 0 runs, 0 hits, 0 errors, 0 left on base; SSG 1 - LG 2
BOTTOM OF THE 7TH
LG Twins batting - Pitching for SSG Landers : LHP Ha-joon Jahng
Now at SS: Byung-soo Sung
Batting: RHB Ha-joon Khang 0-0: SINGLE (Groundball, 56D, EV 93.8 MPH)
Batting: RHB Jun-seo Kym 0-0: Fly out, F7 (Line Drive, 7LM, EV 93.8 MPH)
Batting: RHB Hyo-jin Pak 0-0: Ball
1-0: Ball
2-0: Called Strike
2-1: Swinging Strike
2-2: Ball
3-2: Strikes out swinging
Batting: LHB Seung-kab Sur 0-0: Foul Ball, location: 2F
0-1: Ball
1-1: Ball
Wild Pitch!
Ha-joon Khang to second
2-1: SINGLE (Line Drive, 89S, EV 105.0 MPH)
Ha-joon Khang to third
Batting: RHB Sung-oo Byon 0-0: Fielders Choice at 2nd, 6-4 (Groundball, 6, EV 105.0 MPH)
Bottom of the 7th over - 0 runs, 2 hits, 0 errors, 2 left on base; SSG 1 - LG 2
TOP OF THE 8TH
SSG Landers batting - Pitching for LG Twins : RHP Sang-hyuk Sung
Pinch Hitting: LHB Hong-ryul Whang 0-0: Ball
1-0: Ball
2-0: Ball
3-0: Base on Balls
Pitching: RHP Won-jun Sung
Batting: RHB Byung-hyun Baik 0-0: Sac Bunt to 13 - play at second, runner OUT! 1-6
Batting: RHB Jung Houng 0-0: Called Strike
Pickoff Throw by Catcher to First - Error! E2
Byung-hyun Baik to second
0-1: Ball
1-1: Ball
2-1: Ball
3-1: Called Strike
3-2: SINGLE (Groundball, 34D, EV 100.0 MPH)
Byung-hyun Baik to third
Runner from 3rd tries for Home, SAFE, throw by RF to home
Batting: RHB Ji-hu Bhang 0-0: Called Strike
0-1: Ball
1-1: Foul Ball, location: 2F
1-2: Ball
2-2: Fly out, F8 (Flyball, 8LS, EV 91.2 MPH)
Batting: SHB Young-sik Sunwoo 0-0: Ball
1-0: Ball
2-0: Ball
3-0: Called Strike
3-1: Ground out 4-3 (Groundball, 4, EV 85.6 MPH)
Top of the 8th over - 1 run, 1 hit, 1 error, 1 left on base; SSG 2 - LG 2
BOTTOM OF THE 8TH
LG Twins batting - Pitching for SSG Landers : LHP Ha-joon Jahng
Now in LF: Hong-ryul Whang
Batting: SHB Pyeong-min Kym 0-0: Ball
1-0: Called Strike
1-1: Foul Ball, location: 2F
1-2: Strikes out swinging
Pitching: RHP Hong-yeol Ku
Batting: RHB Chun-hak Suh 0-0: SINGLE (Groundball, 6S, EV 54.4 MPH) (infield hit)
Batting: LHB Hi-gor Whang 0-0: Swinging Strike
0-1: Fly out, F7 (Line Drive, 7, EV 91.2 MPH)
Batting: SHB Soo-geun Pak 0-0: Ball
1-0: Foul Ball, location: 2F
1-1: Ball
2-1: Foul Ball, location: 2F
2-2: Strikes out swinging
Bottom of the 8th over - 0 runs, 1 hit, 0 errors, 1 left on base; SSG 2 - LG 2
TOP OF THE 9TH
SSG Landers batting - Pitching for LG Twins : RHP Won-jun Sung
Pitching: LHP Han-su Lyang
Pinch Hitting: RHB Chang-keun Suh 0-0: Ball
1-0: SINGLE (Line Drive, 34D, EV 96.2 MPH)
Batting: RHB Cho-yeong Kym 0-0: Ball
1-0: Foul Ball, location: 2F
1-1: Called Strike
1-2: Foul Ball, location: 2F
1-2: Ball
2-2: Grounds into double play, 4-6-3 (Groundball, 4S, EV 86.9 MPH)
Batting: SHB Dong-hee Yoo 0-0: Called Strike
0-1: Foul Ball, location: 2F
0-2: Ball
1-2: Ball
2-2: SINGLE (Groundball, 56, EV 96.9 MPH) (infield hit)
Batting: RHB Byung-soo Sung 0-0: Ball
1-0: Reached on error, E2 (Groundball, 2L, EV 73.8 MPH)
Dong-hee Yoo to second
Batting: LHB Hong-ryul Whang 0-0: Ball
1-0: Fielders Choice at 2nd, 6-4 (Groundball, 6, EV 99.4 MPH)
Top of the 9th over - 0 runs, 2 hits, 1 error, 2 left on base; SSG 2 - LG 2
BOTTOM OF THE 9TH
LG Twins batting - Pitching for SSG Landers : RHP Hong-yeol Ku
Now at 2B: Chang-keun Suh
Pinch Hitting: SHB Han-lee Narm 0-0: Ball
1-0: Fly out, F5 (Popup, 56S, EV 73.8 MPH)
Batting: RHB Jun-seo Kym 0-0: Ground out 6-3 (Groundball, 6, EV 81.2 MPH)
Batting: RHB Hyo-jin Pak 0-0: Called Strike
0-1: Ball
1-1: Called Strike
1-2: Strikes out swinging
Bottom of the 9th over - 0 runs, 0 hits, 0 errors, 0 left on base; SSG 2 - LG 2
TOP OF THE 10TH
SSG Landers batting - Pitching for LG Twins : LHP Han-su Lyang
Now at 2B: Han-lee Narm
Now at SS: Jun-seo Kym
Batting: RHB Byung-hyun Baik 0-0: Ball
1-0: Ground out 6-3 (Groundball, 6, EV 89.4 MPH)
Batting: RHB Jung Houng 0-0: Swinging Strike
0-1: Swinging Strike
0-2: DOUBLE (Line Drive, 7LM, EV 107.5 MPH)
Batting: RHB Ji-hu Bhang 0-0: Intentional Walk
Batting: SHB Young-sik Sunwoo 0-0: Called Strike
0-1: Swinging Strike
0-2: Ball
1-2: Ball
2-2: Strikes out looking
Batting: RHB Chang-keun Suh 0-0: Called Strike
0-1: Ball
1-1: Called Strike
1-2: TRIPLE (Flyball, 89XD, EV 96.2 MPH)
Jung Houng scores
Ji-hu Bhang scores
Batting: RHB Cho-yeong Kym 0-0: Ball
1-0: Ground out 4-3 (Groundball, 4M, EV 105.6 MPH)
Top of the 10th over - 2 runs, 2 hits, 0 errors, 1 left on base; SSG 4 - LG 2
BOTTOM OF THE 10TH
LG Twins batting - Pitching for SSG Landers : RHP Hong-yeol Ku
Pitching: LHP Chris Escamilla
Batting: LHB Seung-kab Sur 0-0: Ball
1-0: Ground out 1-3 (Groundball, P, EV 61.9 MPH)
Batting: RHB Sung-oo Byon 0-0: Swinging Strike
0-1: Swinging Strike
0-2: Strikes out looking
Batting: SHB Pyeong-min Kym 0-0: Swinging Strike
0-1: Ball
1-1: Called Strike
1-2: Strikes out swinging
Bottom of the 10th over - 0 runs, 0 hits, 0 errors, 0 left on base; SSG 4 - LG 2
Saturday, February 11th , 2023 - OOTP Baseball 23.10 Build 110